 Dungeon Sprint DCSS version 0.28-a0-863-g8cecda6153 (webtiles) character file.

Game seed: 15786305369580247731

15300000 Turgor the Axe Maniac (level 27, -54/298 HPs)
             Began as a Deep Dwarf Earth Elementalist on Nov 16, 2021.
             Was the Champion of Makhleb.
             Killed from afar by a scourge (55 damage)
             ... with a poison arrow
             ... in the Dungeon (Sprint VIII: "Arena of Blood").
             The game lasted 00:19:51 (153 turns).

Turgor the Axe Maniac (DDEE)                         Turns: 153, Time: 00:19:51

Health: -54/298    AC:  4    Str: 11    XL:     27
Magic:  52/52      EV: 25    Int: 30    God:    Makhleb [******]
Gold:   0          SH:  0    Dex: 13    Spells: 79/80 levels left

rFire   . . .      SeeInvis .   a - +∞ Axe of Woe
rCold   . . .      Faith    .   (shield currently unavailable)
rNeg    + . .      Spirit   .   b - +0 robe
rPois   .          Reflect  .   (no helmet)
rElec   .          Harm     .   (no cloak)
rCorr   .          Rampage  .   (no gloves)
Will    ++++.      NoTele   +   (no boots)
Stlth   +++++++++.              (no amulet)
HPRegen 0.00/turn               (no ring)
MPRegen 0.33/turn               (no ring)

@: lethally poisoned (-54 -> -69), slowed, very slow
A: damage resistance, heal wounds, negative energy resistance 1, sense
surroundings 3, no regeneration
a: Heal Wounds, Renounce Religion, Minor Destruction, Lesser Servant of Makhleb,
Major Destruction, Greater Servant of Makhleb


You were in the Dungeon.
You worshipped Makhleb.
Makhleb was exalted by your worship.
You visited 1 branch

Inventory:

Hand Weapons
 a - the +∞ Axe of Woe (weapon)
   (You found it in the Dungeon)
Missiles
 i - 30 stones
Armour
 b - a +0 robe (worn)
Potions
 c - a potion of curing
 f - a potion of magic
 g - a potion of berserk rage


   Skills:
 O Level 27 Fighting
 O Level 27 Short Blades
 O Level 27 Long Blades
 O Level 27 Axes
 O Level 27 Maces & Flails
 O Level 27 Polearms
 O Level 27 Staves
 O Level 27 Slings
 O Level 27 Bows
 O Level 27 Crossbows
 O Level 27 Throwing
 O Level 27 Armour
 O Level 27 Dodging
 O Level 27 Stealth
 O Level 27 Shields
 O Level 27 Unarmed Combat
 O Level 27 Spellcasting
 O Level 27 Conjurations
 O Level 27 Hexes
 O Level 27 Summonings
 O Level 27 Necromancy
 O Level 27 Translocations
 O Level 27 Transmutations
 O Level 27 Fire Magic
 O Level 27 Ice Magic
 O Level 27 Air Magic
 O Level 27 Earth Magic
 O Level 27 Poison Magic
 O Level 27 Invocations
 O Level 27 Evocations


You had 79 spell levels left.
You knew the following spells:

 Your Spells              Type           Power      Damage    Failure   Level
a - Sandblast             Erth           100%       2d20      0%          1

Your spell library contained the following spells:

 Spells                   Type           Power      Damage    Failure   Level
 Passwall                 Tmut/Erth      96%        N/A       0%          2
 Stone Arrow              Conj/Erth      100%       3d13      0%          3
 Petrify                  Tmut/Erth      100%       N/A       0%          4


Dungeon Overview and Level Annotations

Branches:
Dungeon (1/1)

Altars:
Makhleb

Annotations:
D The Captor, The Servant


Innate Abilities, Weirdness & Mutations

You are resistant to damage.
You can heal yourself by infusing magical energy.
You resist negative energy. (rN+)
You passively map a large area around you.
You do not regenerate.


Message History

Deactivating autopickup; reactivate with Ctrl-A.
The fireball engulfs you!!!!
* * * LOW HITPOINT WARNING * * *
You hear a shout!
The fleshlord mumbles some strange words.
The fleshlord seems to speed up.
You hear a shout!
The fleshlord casts a spell.
The fleshlord seems to speed up.
You hear a shout! x3
Unknown command.
You slice the bag of meat!! You chop the bag of meat into pieces.
You kill the bag of meat!
Makhleb accepts your kill.
You feel better.
You slash the tentacled monstrosity!
You slaughter the tentacled monstrosity joyfully.
You kill the tentacled monstrosity!
The tentacled monstrosity disappears in a puff of smoke!
You hit something.
You dissect something like a pig carcass.
Makhleb accepts your kill.
You feel better.
Reactivating autopickup.
You feel a bit more experienced.
You hit the tyrant but do no damage.
You hew the tyrant savagely.
You destroy the tyrant!
Makhleb accepts your kill.
You feel better.
The large abomination disappears in a puff of smoke!
The tentacled monstrosity disappears in a puff of smoke!
You hear a shout! x8
The Servant hits you from afar with a +9 glaive of flaming!!!!
* * * LOW HITPOINT WARNING * * *
The Servant burns you!!
* * * LOW HITPOINT WARNING * * *
A bag of meat comes into view. It is wielding a +9 war axe.
The scourge throws poison sting at you. The poison arrow hits you!!!
You are lethally poisoned!
You die...

,, , , , , , ,,, ,, , ,
...# ......... , , , ,,,
, ##...#....z.......
,,***..W..§#.........p.°
, , , ...pD.............
, * , ,
#.....M........O... , ,
,, .#....o..@#p§O§...# ,
....#.§o..#.§O§...# , ,
#....§@###)§.....###. ,
,,*,,
......)))p)).###...... *
.....#..)))).._...... ,
, , ...#.S.....#))).)#
,. #..........#_)<)_#,
...
...#p......#)))))#.....
, * ,
,....#........_)))......
,
..Do........###).z.....
*, , ......S###...
...###...


You could see an accursed, The Servant, 2 eight-headed meat hydras, a scourge, 3
fleshlords, a sculptor of flesh and 3 bags of meat.

Vanquished Creatures
  4 hell knights (D)
  8 hell beasts (D)
  5 royal mummies (D)
  5 great orbs of eyes (D)
  8 wraiths (D)
  13 vampire knights (D)
  38 ogres (D)
  9 two-headed ogres (D)
  4 liches (D)
  A hydra (D)
  95 orcs (D)
  10 phantoms (D)
  9 skeletal warriors (D)
  4 sea snakes (D)
213 creatures vanquished.

Vanquished Creatures (others)
  A two-headed ogre (D)
  An orc (D)
2 creatures vanquished.

Grand Total: 215 creatures vanquished

Notes
Turn   | Place    | Note
-------+----------+-------------------------------------------
     0 | D        | Found the +∞ Axe of Woe
     0 | D        | Turgor the Deep Dwarf Earth Elementalist began the quest
                  | for the Orb.
     0 | D        | Reached XP level 1. HP: 15/15 MP: 3/3
     0 | D        | Noticed a bag of meat
     4 | D        | Became a worshipper of Makhleb the Destroyer
     5 | D        | Noticed a bag of meat
     5 | D        | Noticed a bag of meat
     5 | D        | Noticed a bag of meat
     7 | D        | Killed a bag of meat
     7 | D        | Noticed a bag of meat
     7 | D        | Noticed a meat berserker
     7 | D        | Noticed a bag of meat
     8 | D        | Reached XP level 2. HP: 49/49 MP: 4/4
     8 | D        | Reached XP level 3. HP: 56/56 MP: 5/5
     8 | D        | Reached XP level 4. HP: 64/64 MP: 6/6
     8 | D        | Reached XP level 5. HP: 72/72 MP: 7/7
     8 | D        | Reached XP level 6. HP: 80/80 MP: 8/8
     8 | D        | Reached XP level 7. HP: 87/87 MP: 9/9
     8 | D        | Reached XP level 8. HP: 96/96 MP: 10/10
     8 | D        | Gained mutation: You passively map the area around you.
                  | [Deep Dwarf growth]
     8 | D        | Reached XP level 9. HP: 103/103 MP: 11/11
     8 | D        | Reached XP level 10. HP: 111/111 MP: 12/12
     8 | D        | Killed a bag of meat
     8 | D        | Reached * piety under Makhleb
     8 | D        | Killed a bag of meat
     8 | D        | Noticed a meat berserker
     8 | D        | Noticed a meat berserker
     9 | D        | Reached skill level 27 in Axes
     9 | D        | Reached XP level 11. HP: 130/130 MP: 13/13
     9 | D        | Reached XP level 12. HP: 139/139 MP: 14/14
     9 | D        | Killed a meat berserker
     9 | D        | Noticed a meat berserker
    10 | D        | Reached XP level 13. HP: 162/162 MP: 15/15
    10 | D        | Noticed a bag of meat
    11 | D        | Killed a bag of meat
    11 | D        | Reached ** piety under Makhleb
    11 | D        | Killed a bag of meat
    11 | D        | Killed a meat berserker
    11 | D        | Noticed a meat berserker
    12 | D        | Reached skill level 27 in Fighting
    12 | D        | Reached skill level 5 in Spellcasting
    12 | D        | Reached skill level 5 in Transmutations
    12 | D        | Gained mutation: You resist negative energy. (rN+) [Deep
                  | Dwarf growth]
    12 | D        | Reached XP level 14. HP: 183/183 MP: 15/21
    12 | D        | Killed a meat berserker
    12 | D        | Reached *** piety under Makhleb
    13 | D        | Reached XP level 15. HP: 190/190 MP: 15/26
    13 | D        | Noticed a meat berserker
    13 | D        | Noticed a meat berserker
    14 | D        | Killed a meat berserker
    15 | D        | Reached skill level 10 in Spellcasting
    15 | D        | Reached skill level 10 in Transmutations
    15 | D        | Reached skill level 15 in Earth Magic
    15 | D        | Killed a meat berserker
    15 | D        | Reached **** piety under Makhleb
    16 | D        | Reached XP level 16. HP: 200/200 MP: 15/31
    18 | D        | Killed a meat berserker
    19 | D        | Killed a meat berserker
    20 | D        | Noticed a meat berserker
    20 | D        | Noticed a meat berserker
    21 | D        | Noticed a large bag of meat
    22 | D        | Noticed a large bag of meat
    24 | D        | Killed a large bag of meat
    24 | D        | Reached ***** piety under Makhleb
    25 | D        | Reached skill level 15 in Transmutations
    25 | D        | Reached XP level 17. HP: 29/208 MP: 17/35
    25 | D        | Killed a meat berserker
    26 | D        | Reached skill level 15 in Spellcasting
    27 | D        | Killed a meat berserker
    28 | D        | Noticed a destroyer
    30 | D        | Noticed a sculptor of flesh
    30 | D        | Noticed a large bag of meat
    31 | D        | Noticed a meat berserker
    31 | D        | Noticed a large bag of meat
    32 | D        | Noticed a sculptor of flesh
    32 | D        | Killed a destroyer
    33 | D        | Gained mutation: You passively map a large area around you.
                  | [Deep Dwarf growth]
    33 | D        | Reached XP level 18. HP: 120/218 MP: 38/40
    34 | D        | Killed a meat berserker
    34 | D        | Killed a sculptor of flesh
    35 | D        | Reached skill level 27 in Earth Magic
    35 | D        | Reached skill level 27 in Invocations
    35 | D        | Killed a large bag of meat
    35 | D        | Reached ****** piety under Makhleb
    36 | D        | Noticed a sculptor of flesh
    37 | D        | Noticed a destroyer
    37 | D        | Noticed a large bag of meat
    38 | D        | Noticed a meat berserker
    38 | D        | Noticed a meat berserker
    38 | D        | Noticed a meat berserker
    38 | D        | Killed a large bag of meat
    39 | D        | Reached XP level 19. HP: 128/226 MP: 40/44
    39 | D        | Noticed a large bag of meat
    40 | D        | Reached skill level 27 in Dodging
    40 | D        | Noticed a destroyer
    41 | D        | Noticed a meat berserker
    41 | D        | Noticed a meat berserker
    42 | D        | Noticed a destroyer
    42 | D        | Killed a large bag of meat
    42 | D        | Noticed a meat berserker
    43 | D        | Reached skill level 27 in Armour
    43 | D        | Noticed a destroyer
    43 | D        | Noticed a meat berserker
    43 | D        | Noticed a meat berserker
    43 | D        | Noticed a destroyer
    44 | D        | Killed a meat berserker
    44 | D        | Killed a destroyer
    44 | D        | Noticed a destroyer
    45 | D        | Killed a destroyer
    45 | D        | Killed a meat berserker
    45 | D        | Killed a meat berserker
    45 | D        | Killed a destroyer
    46 | D        | Reached skill level 27 in Stealth
    46 | D        | Reached skill level 27 in Spellcasting
    46 | D        | Reached skill level 27 in Transmutations
    46 | D        | Reached XP level 20. HP: 236/236 MP: 41/51
    46 | D        | Killed a meat berserker
    46 | D        | Noticed a meat berserker
    47 | D        | Reached skill level 15 in Polearms
    47 | D        | Reached skill level 15 in Throwing
    47 | D        | Reached skill level 15 in Unarmed Combat
    47 | D        | Reached XP level 21. HP: 244/244 MP: 41/52
    48 | D        | Noticed a tyrant
    49 | D        | Killed a large bag of meat
    50 | D        | Killed a large bag of meat
    51 | D        | Reached XP level 22. HP: 206/254 MP: 43/53
    51 | D        | Killed a destroyer
    52 | D        | Killed a tyrant
    53 | D        | Reached skill level 27 in Maces & Flails
    53 | D        | Killed a destroyer
    53 | D        | Killed a destroyer
    54 | D        | Reached skill level 27 in Polearms
    54 | D        | Reached skill level 27 in Throwing
    54 | D        | Reached skill level 27 in Unarmed Combat
    54 | D        | Reached skill level 10 in Staves
    54 | D        | Reached skill level 10 in Conjurations
    54 | D        | Reached XP level 23. HP: 246/262 MP: 43/54
    56 | D        | Reached skill level 15 in Slings
    59 | D        | Noticed The Captor
    59 | D        | Noticed a destroyer
    61 | D        | Noticed a destroyer
    62 | D        | Reached skill level 27 in Evocations
    62 | D        | Reached XP level 24. HP: 235/272 MP: 45/54
    63 | D        | Noticed a large bag of meat
    64 | D        | Killed a destroyer
    64 | D        | Noticed a large bag of meat
    65 | D        | Reached skill level 27 in Slings
    65 | D        | Killed a destroyer
    66 | D        | Reached skill level 27 in Staves
    66 | D        | Reached skill level 27 in Conjurations
    66 | D        | Noticed a meat beast
    68 | D        | Reached skill level 5 in Hexes
    68 | D        | Reached skill level 5 in Ice Magic
    68 | D        | Reached skill level 5 in Poison Magic
    68 | D        | Reached XP level 25. HP: 280/280 MP: 47/54
    69 | D        | Reached skill level 10 in Translocations
    70 | D        | Killed a meat beast
    72 | D        | Reached skill level 10 in Bows
    72 | D        | Reached skill level 15 in Shields
    72 | D        | Reached skill level 15 in Necromancy
    72 | D        | Reached skill level 15 in Translocations
    72 | D        | Reached skill level 10 in Air Magic
    72 | D        | Killed a large bag of meat
    73 | D        | Reached skill level 15 in Crossbows
    73 | D        | Reached XP level 26. HP: 191/290 MP: 48/54
    76 | D        | Killed a large bag of meat
    77 | D        | Reached skill level 15 in Long Blades
    77 | D        | Noticed a meat beast
    79 | D        | Noticed an accursed
    81 | D        | Reached skill level 15 in Short Blades
    81 | D        | Reached skill level 15 in Summonings
    81 | D        | Reached skill level 15 in Fire Magic
    81 | D        | Reached skill level 15 in Ice Magic
    84 | D        | Killed a meat beast
    85 | D        | Reached XP level 27. HP: 149/298 MP: 50/54
    86 | D        | Noticed an accursed
    87 | D        | Reached skill level 15 in Bows
    87 | D        | Reached skill level 15 in Air Magic
    88 | D        | Noticed a meat beast
    90 | D        | Killed a meat beast
    91 | D        | Noticed a destroyer
    91 | D        | Noticed a meat beast
    91 | D        | Noticed a meat beast
    91 | D        | Noticed a dread
    91 | D        | Noticed a dread
    91 | D        | Noticed an accursed
    91 | D        | Noticed a destroyer
    91 | D        | Noticed a meat beast
    92 | D        | Killed a destroyer
    92 | D        | Noticed a large bag of meat
    94 | D        | Killed a meat beast
    95 | D        | Noticed a destroyer
    97 | D        | Killed a meat beast
    97 | D        | Noticed a meat beast
    98 | D        | Reached skill level 27 in Crossbows
    98 | D        | Reached skill level 27 in Shields
    98 | D        | Reached skill level 27 in Necromancy
    98 | D        | Reached skill level 27 in Translocations
    98 | D        | Noticed a tyrant
    98 | D        | Killed a destroyer
    98 | D        | Noticed a tyrant
    99 | D        | Killed a tyrant
    99 | D        | Killed a large bag of meat
    99 | D        | Noticed a meat beast
    99 | D        | Noticed The Servant
   101 | D        | Reached skill level 27 in Long Blades
   103 | D        | Killed an accursed
   103 | D        | Killed a meat beast
   104 | D        | Reached skill level 27 in Short Blades
   104 | D        | Reached skill level 27 in Hexes
   104 | D        | Reached skill level 27 in Summonings
   104 | D        | Reached skill level 27 in Fire Magic
   104 | D        | Reached skill level 27 in Ice Magic
   104 | D        | Reached skill level 27 in Poison Magic
   104 | D        | Killed a dread
   104 | D        | Noticed a meat beast
   105 | D        | Reached skill level 27 in Bows
   105 | D        | Reached skill level 27 in Air Magic
   109 | D        | Noticed a dread
   109 | D        | Noticed a dread
   109 | D        | Killed a meat beast
   111 | D        | Killed a meat beast
   112 | D        | Noticed a dread
   113 | D        | Killed a destroyer
   114 | D        | Killed a tyrant
   114 | D        | Killed a dread
   114 | D        | Killed a dread
   116 | D        | Noticed a dread
   118 | D        | Noticed a dread
   119 | D        | Killed an accursed
   121 | D        | Killed a dread
   121 | D        | Noticed a large bag of meat
   122 | D        | Noticed a fleshlord
   124 | D        | Killed an accursed
   125 | D        | Noticed an accursed
   126 | D        | HP: 9/298 [The Servant (26)]
   127 | D        | Noticed a fleshlord
   133 | D        | Noticed a fleshlord
   134 | D        | Killed a large bag of meat
   135 | D        | Killed a fleshlord
   136 | D        | Killed a fleshlord
   138 | D        | Noticed a destroyer
   138 | D        | Killed a destroyer
   138 | D        | Killed a fleshlord
   139 | D        | Killed a dread
   141 | D        | Killed a dread
   142 | D        | Killed an accursed
   143 | D        | Noticed a fleshlord
   143 | D        | Noticed a fleshlord
   144 | D        | Noticed an accursed
   144 | D        | Noticed a tyrant
   146 | D        | Noticed a dread
   146 | D        | Noticed an accursed
   146 | D        | Noticed a fleshlord
   147 | D        | Noticed a fleshlord
   147 | D        | Killed an accursed
   148 | D        | Killed a dread
   149 | D        | Killed a dread
   150 | D        | Noticed a fleshlord
   150 | D        | Noticed a dread
   151 | D        | Noticed a fleshlord
   152 | D        | Killed a fleshlord
   153 | D        | Killed a tyrant
   153 | D        | HP: 1/298 [The Servant (17)]
   153 | D        | Killed from afar by a scourge

Illustrated notes

Levels and vault maps discovered:
D:        meatsprint

Skill      XL: |  1  2  3  4  5  6  7  8  9 10 11 12 13 14 15 16 17 18 19 20 21 22 23 24 25 26 27 |
---------------+----------------------------------------------------------------------------------+-----
Fighting       | 13 18 23 27 | 27.0
Axes           | 22 27 | 27.0
Armour         | 6 9 14 18 22 26 27 | 27.0
Dodging        | 6 9 14 18 22 26 27 | 27.0
Spellcasting   | 5 7 11 14 18 21 27 | 27.0
Transmutations | 5 7 12 15 19 22 27 | 27.0
Earth Magic    | 8 12 17 22 26 27 | 27.0
Invocations    | 7 11 16 21 26 27 | 27.0
Stealth        | 14 27 | 27.0
Maces & Flails | 13 16 24 27 | 27.0
Polearms       | 12 15 22 27 | 27.0
Throwing       | 12 15 22 27 | 27.0
Unarmed Combat | 12 15 22 27 | 27.0
Staves         | 10 20 27 | 27.0
Slings         | 12 23 27 | 27.0
Conjurations   | 10 20 27 | 27.0
Evocations     | 14 27 | 27.0
Short Blades   | 6 13 17 27 | 27.0
Long Blades    | 6 14 18 27 | 27.0
Bows           | 4 11 14 27 | 27.0
Crossbows      | 7 15 20 27 | 27.0
Shields        | 7 15 20 27 | 27.0
Hexes          | 5 12 16 27 | 27.0
Summonings     | 6 13 17 27 | 27.0
Necromancy     | 7 15 20 27 | 27.0
Translocations | 7 16 20 27 | 27.0
Fire Magic     | 6 13 17 27 | 27.0
Ice Magic      | 5 13 17 27 | 27.0
Air Magic      | 4 11 14 27 | 27.0
Poison Magic   | 5 12 16 27 | 27.0

Action                   |  1- 3 |  4- 6 |  7- 9 | 10-12 | 13-15 | 16-18 | 19-21 | 22-24 | 25-27 || total
-------------------------+-------+-------+-------+-------+-------+-------+-------+-------+-------++-------
Melee: Executioner's axe |     1 |       |       |     2 |     4 |    11 |     8 |    15 |    67 ||   108
Invok: Greater Servant o |       |       |       |       |       |       |       |       |     4 ||     4
       Major Destruction |       |       |       |       |       |       |       |       |     2 ||     2
 Abil: Heal Wounds       |       |       |       |       |       |     2 |       |       |     4 ||     6
  Use: Potion            |       |       |       |       |       |     1 |       |       |     2 ||     3
       Scroll            |       |       |       |       |       |       |       |       |     1 ||     1
 Stab: Confused          |       |       |       |       |       |       |       |       |     1 ||     1
       Distracted        |       |       |       |       |       |       |       |       |     2 ||     2
Dodge: Dodged            |       |       |       |       |       |       |       |       |     5 ||     5

Table legend: (Time is in decaauts)
 A = Elapsed time spent in this place.
 B = Non-inter-level travel time spent in this place.
 C = Inter-level travel time spent in this place.
 D = Time resting spent in this place.
 E = Time spent auto-exploring this place.
 F = Levels seen in this place.
 G = Mean time per level.
                   A        B        C        D        E       F      G
               +--------+--------+--------+--------+--------+-----+--------+
         Total |    105 |    105 |      0 |      0 |      0 |   1 |  105.0 |
       Dungeon |    105 |    105 |      0 |      0 |      0 |   1 |  105.0 |
               +--------+--------+--------+--------+--------+-----+--------+

Top non-repeatable levels by time:
       D: 105 daAuts
